 Dungeon Crawl Stone Soup version 0.17-a0-186-g8d083fd (webtiles) character file.

5646 squibie the Carver (level 10, 0/61 (73) HPs)
             Began as a Demigod Gladiator on Mar 27, 2015.
             Killed from afar by an electric eel (9 damage)
             ... with a bolt of electricity
             ... on level 8 of the Dungeon.
             The game lasted 00:29:02 (10005 turns).

squibie the Carver (Demigod Gladiator)             Turns: 10005, Time: 00:29:02

HP:   0/61 (73)     AC: 12    Str: 20    XL:     10   Next: 23%
MP:   17/17         EV: 12    Int: 12    God:
Gold: 418           SH:  0    Dex: 20    Spells: 0 memorised, 9 levels left

rFire  . . .     SeeInvis .     a - +0 long sword
rCold  . . .     Clarity  .     k - +1 ring mail {rPois}
rNeg   + . .     SustAb   +     (no shield)
rPois  +         Gourm    .     c - +0 helmet
rElec  .         Spirit   .     K - +0 cloak {rPois}
rCorr  .         Warding  .     t - +2 pair of gloves
rMut   .         Stasis   .     d - +0 pair of boots
MR     +....                    (no amulet)
Stlth  +.........               J - ring of positive energy
                                y - ring of invisibility

@: somewhat resistant to hostile enchantments, very unstealthy
A: sustain abilities
a: Evoke Invisibility


You were on level 8 of the Dungeon.
You were not hungry.

You visited 1 branch of the dungeon, and saw 10 of its levels.

You collected 475 gold pieces.
You spent 39 gold pieces at shops.

Inventory:

Hand weapons
 a - a +0 long sword (weapon)
 n - a +0 falchion
 q - a +0 falchion
Missiles
 B - 5 javelins (quivered)
 I - 8 tomahawks of returning
Armour
 b - a +0 leather armour
 c - a +0 helmet (worn)
 d - a +0 pair of boots (worn)
 k - a +1 ring mail of poison resistance (worn)
 l - a +0 pair of gloves
 t - a +2 pair of gloves (worn)
 u - a +0 cloak
 K - a +0 cloak of poison resistance (worn)
Jewellery
 y - a ring of invisibility (left hand)
 J - a ring of positive energy (right hand)
Magical devices
 H - a wand of confusion (16)
 P - a wand of confusion (29)
Scrolls
 j - 5 scrolls of remove curse
 m - 3 scrolls of identify
 s - 2 scrolls of teleportation
 v - 2 scrolls of fog
 x - a scroll of enchant weapon {unknown}
 C - 2 scrolls of magic mapping
 D - a scroll of fear
 G - a scroll of immolation
 O - a scroll of amnesia
Potions
 e - a potion of haste {unknown}
 h - 2 potions of cancellation {unknown}
 i - a potion of might
 o - a potion of mutation {unknown}
 w - a potion of heal wounds
 z - 2 potions of invisibility
 A - a potion of flight {unknown}
 E - a potion of poison
 L - a potion of brilliance {unknown}
 N - 2 potions of degeneration {unknown}
 Q - a potion of curing
Miscellaneous
 R - a plain deck of defence {drawn: 4}
Comestibles
 f - 7 bread rations
 g - a royal jelly
 p - 2 slices of pizza
 r - 2 meat rations
 F - 2 beef jerkies


   Skills:
 + Level 1.7 Fighting
 - Level 14.0 Long Blades
 - Level 1.7 Throwing
 + Level 0.0 Armour
 + Level 2.6 Dodging


You had 9 spell levels left.
You didn't know any spells.

Dungeon Overview and Level Annotations

Branches:
Dungeon (10/15)            Temple (0/1) D:6            Lair (0/8) D:8
    Orc: D:9-12

Shops:
D:9 *


Innate Abilities, Weirdness & Mutations

Your attributes are resistant to harm.


Message History

The kobold unwields an uncursed short sword.
The kobold wields a blowgun.
The kobold shoots a poisoned needle.
The poisoned needle closely misses you.
The electric eel shoots out a bolt of lightning at you!
The bolt of electricity hits you!
Things that are here:
a poisoned needle; a scroll of fear The electric eel shoots out a bolt of lightning at you!
The bolt of electricity hits you!
The kobold shoots a poisoned needle.
The poisoned needle barely misses you.
You see here a poisoned needle.
The electric eel shoots out a bolt of lightning at you!
The bolt of electricity hits you!
* * * LOW HITPOINT WARNING * * *
The electric eel shoots out a bolt of lightning at you!
The bolt of electricity hits you!
* * * LOW HITPOINT WARNING * * *
The electric eel shoots out a bolt of lightning at you!
The bolt of electricity hits you!
You die...

##.........#>...........#<.#
#..
#.........###...##...#.#######.
#..............#######..#......
#......##......................
#......##....<.................
#####.....(..≈≈..≈≈.≈.≈......
#.....##..≈≈≈≈≈.≈.≈≈.....
#####.....##.≈≈.≈≈≈.≈.≈≈≈..#.
#.........##@..≈≈≈≈.≈≈≈≈≈....
#.........##.≈..≈≈≈.≈ ≈≈≈....
#.....######..≈≈≈≈≈.≈ ....
####### #(.≈≈≈.≈.. #.
#(≈≈≈≈≈..≈ ≈. .. #≈≈≈≈≈≈..≈
≈≈.... #≈≈≈≈≈≈.. ≈≈.≈...
#≈≈≈≈;..> ≈h≈≈..#. #≈≈≈≈≈≈..
h≈;≈..#.


You could see an electric eel.

Vanquished Creatures
  Pikel (D:7)
  A hill giant (D:9)
  A troll (D:8)
  6 yaks (D:9)
  Eustachio (D:5)
  A hungry ghost (D:9)
  A wolf (D:8)
  A slave (D:7)
  An orc warrior (D:9)
  5 necrophages
  3 ice beasts
  A sky beast (D:9)
  A black bear (D:6)
  3 ogres (D:4)
  A wasp (D:9)
  A phantom (D:5)
  A centaur (D:9)
  Sigmund (D:5)
  3 big kobolds
  A wyvern zombie (D:9)
  2 scorpions
  4 killer bees
  2 crimson imps
  A goliath beetle (D:7)
  A jelly (D:6)
  2 giant frog zombies (D:9)
  4 quasits
  Crazy Yiuf (D:7)
  7 hounds
  An iron imp (D:5)
  4 orc priests (D:4)
  3 orc wizards
  A centaur skeleton (D:9)
  3 iguanas
  3 worker ants
  A hound zombie (D:9)
  A hound skeleton (D:9)
  4 gnolls (D:4)
  4 river rats (D:5)
  2 shadow imps
  2 white imps (D:5)
  8 adders
  3 ufetubi (D:5)
  An adder zombie (D:6)
  An adder skeleton (D:6)
  3 giant geckos
  4 oozes
  23 orcs
  2 ball pythons
  18 bats
  2 bat skeletons (D:4)
  7 hobgoblins
  14 jackals
  4 quokkas
  4 giant cockroaches
  A giant gecko skeleton (D:7)
  4 giant newts
  16 goblins
  20 kobolds
  12 rats
  A rat zombie (D:4)
  A bush (D:9)
237 creatures vanquished.

Vanquished Creatures (others)
  A slave (D:7)
  4 plants (D:9)
5 creatures vanquished.

Grand Total: 242 creatures vanquished

Notes
Turn   | Place    | Note
--------------------------------------------------------------
     0 | D:1      | squibie, the Demigod Gladiator, began the quest for the Orb.
     0 | D:1      | Reached XP level 1. HP: 17/17 MP: 2/2
    63 | D:1      | Reached skill level 3 in Long Blades
   205 | D:1      | Reached XP level 2. HP: 18/24 MP: 3/3
   673 | D:2      | Reached XP level 3. HP: 25/29 MP: 5/5
   751 | D:2      | Reached skill level 4 in Long Blades
  1086 | D:2      | Found a bloodstained altar of Trog.
  1321 | D:3      | Found a shimmering altar of Xom.
  1321 | D:3      | Found a burning altar of Makhleb.
  1435 | D:3      | Reached XP level 4. HP: 28/36 MP: 7/7
  1440 | D:3      | Reached skill level 5 in Long Blades
  1800 | D:3      | Reached XP level 5. HP: 34/41 MP: 8/8
  2483 | D:4      | Reached skill level 6 in Long Blades
  2567 | D:4      | Found a stormy altar of Qazlal.
  2604 | D:4      | Noticed an ogre
  2614 | D:4      | Killed an ogre
  2614 | D:4      | Reached XP level 6. HP: 24/48 MP: 10/10
  2902 | D:4      | Reached skill level 7 in Long Blades
  3299 | D:4      | Noticed an ogre
  3309 | D:4      | Killed an ogre
  3328 | D:4      | Noticed an ogre
  3334 | D:4      | Reached XP level 7. HP: 49/53 MP: 12/12
  3340 | D:4      | Killed an ogre
  3340 | D:4      | Reached skill level 8 in Long Blades
  4132 | D:5      | Entered Level 5 of the Dungeon
  4169 | D:5      | Found a basalt altar of Yredelemnul.
  4320 | D:5      | Noticed Eustachio
  4501 | D:5      | Killed Eustachio
  4501 | D:5      | Reached skill level 9 in Long Blades
  4615 | D:5      | Found a bloodstained altar of Trog.
  4616 | D:5      | Noticed Sigmund
  4632 | D:5      | Killed Sigmund
  5065 | D:6      | Reached XP level 8. HP: 36/60 MP: 13/13
  5469 | D:6      | Found a sacrificial altar of Ru.
  5956 | D:6      | Found a staircase to the Ecumenical Temple.
  6427 | D:7      | Found a stormy altar of Qazlal.
  6455 | D:7      | Reached skill level 10 in Long Blades
  6488 | D:7      | Found a glowing golden altar of the Shining One.
  6664 | D:7      | Noticed Pikel
  6703 | D:7      | Killed Pikel
  6703 | D:7      | Reached skill level 11 in Long Blades
  7130 | D:7      | Noticed Crazy Yiuf
  7136 | D:7      | Killed Crazy Yiuf
  7277 | D:7      | You fall through a shaft for 3 floors!
  7277 | D:10     | Entered Level 10 of the Dungeon
  7539 | D:9      | Reached XP level 9. HP: 37/67 MP: 15/15
  7715 | D:9      | Found Ziupoeki's General Store.
  7726 | D:9      | Bought a potion of curing for 39 gold pieces
  7966 | D:9      | Reached skill level 12 in Long Blades
  7990 | D:9      | Noticed a hill giant
  8006 | D:9      | Killed a hill giant
  8128 | D:9      | Found a shattered altar of Ashenzari.
  8172 | D:9      | Found a blossoming altar of Fedhas.
  8787 | D:9      | Reached skill level 13 in Long Blades
  9095 | D:9      | Reached XP level 10. HP: 28/64 MP: 17/17
  9641 | D:8      | Reached skill level 14 in Long Blades
 10000 | D:8      | Found a staircase to the Lair.
 10005 | D:8      | Killed from afar by an electric eel

Action                   |  1- 3 |  4- 6 |  7- 9 | 10-12 || total
-------------------------+-------+-------+-------+-------++-------
Melee: Long sword        |   131 |    99 |   664 |   134 ||  1028
       Falchion          |       |    83 |       |       ||    83
Throw: Throwing net      |       |     3 |     6 |       ||     9
       Javelin           |       |       |    10 |       ||    10
Evoke: Deck              |       |       |     4 |       ||     4
  Use: Scroll            |     1 |     3 |     8 |     1 ||    13
       Potion            |       |     2 |     5 |       ||     7
 Stab: Held in net/web   |       |     5 |     7 |       ||    12
       Invisible         |       |       |     9 |       ||     9
  Eat: Chunk             |     1 |     6 |    16 |     4 ||    27
       Beef jerky        |       |     1 |       |       ||     1
       Fruit             |       |       |     3 |       ||     3
